 Dungeon Crawl Stone Soup version 0.19.1 (webtiles) character file.

1897 ChaseSP the Basher (level 9, -9/57 HPs)
             Began as a Formicid Fighter on Nov 26, 2016.
             Was a Believer of Okawaru.
             Mangled by an orc warrior
             ... wielding a +0 trident
              (18 damage)
             ... on level 6 of the Dungeon.
             The game lasted 00:11:42 (5421 turns).

ChaseSP the Basher (Formicid Fighter)               Turns: 5421, Time: 00:11:43

Health: -9/57      AC: 13    Str: 26    XL:     9   Next: 37%
Magic:  9/9        EV:  7    Int:  8    God:    Okawaru [**....]
Gold:   286        SH: 10    Dex: 12    Spells: 0 memorised, 8 levels left

rFire  + . .     SeeInvis +     u - +0 morningstar
rCold  . . .     Gourm    .     I - +0 chain mail
rNeg   . . .     Faith    .     c - +0 shield
rPois  .         Spirit   .     (helmet unavailable)
rElec  .         Reflect  .     N - +0 cloak {MR+}
rCorr  .         Harm     +     s - +2 pair of gloves
MR     +....                    (no boots)
Stlth  ..........               k - amulet of harm
                                G - ring of protection from fire
                                n - +4 ring of strength

@: no status effects
A: permanent stasis, dig shafts and tunnels, four strong arms, antennae 3, frail
1, mutation resistance 1
a: Dig, Shaft Self, Heroism, Renounce Religion


You were on level 6 of the Dungeon.
You worshipped Okawaru.
Okawaru was pleased with you.
You were not hungry.

You visited 1 branch of the dungeon, and saw 6 of its levels.
You also visited: Ossuary.

You collected 286 gold pieces.

Inventory:

Hand Weapons
 a - a +0 flail of protection
 u - a +0 morningstar (weapon)
Missiles
 r - 39 bolts
Armour
 c - a +0 shield (worn)
 s - a +2 pair of gloves (worn)
 I - a +0 chain mail (worn)
 N - a +0 cloak of magic resistance (worn)
Jewellery
 k - an amulet of harm (around neck)
 n - a +4 ring of strength (left hand)
 G - a ring of protection from fire (right hand)
 J - an uncursed ring of flight
Wands
 E - a wand of lightning (8/15)
 L - a wand of enslavement (10/24)
Scrolls
 b - a scroll of silence {unknown}
 d - 3 scrolls of recharging
 i - 4 scrolls of magic mapping
 j - 6 scrolls of teleportation
 m - 3 scrolls of remove curse
 w - 3 scrolls of immolation
 y - a scroll of brand weapon
 B - 3 scrolls of fog
 K - a scroll of random uselessness {unknown}
Potions
 e - 3 potions of curing
 g - 2 potions of heal wounds
 h - 2 potions of resistance
 l - 3 potions of agility
 t - 4 potions of brilliance
 v - 2 potions of flight
 z - 3 potions of lignification
 C - a potion of might
 D - a potion of magic
 F - 2 potions of invisibility
Comestibles
 f - 3 bread rations
 o - 2 meat rations
 p - 13 chunks of flesh
 q - 6 fruits
 x - 2 slices of pizza
 A - a royal jelly


   Skills:
 - Level 3.2 Fighting
 * Level 11.0 Maces & Flails
 - Level 4.3 Armour
 + Level 5.0 Shields


You had 8 spell levels left.
You didn't know any spells.

Dungeon Overview and Level Annotations

Branches:
Dungeon (6/15)             Temple (0/1) D:6

Altars:
Dithmenos
Fedhas
Hepliaklqana
Kikubaaqudgha
Okawaru
Qazlal
Uskayaw
Vehumet
Xom
Yredelemnul

Annotations:
D:6 Pikel


Innate Abilities, Weirdness & Mutations

You are under a permanent stasis effect.
You can dig through walls and to a lower floor.
Your four strong arms can wield two-handed weapons with a shield.
You have a pair of large antennae on your head. (SInv)
You are frail. (-10% HP)
You are somewhat resistant to further mutation.


Message History

The orc warrior hits you but does no damage.
You barely miss Pikel.
Pikel is heavily wounded.
Pikel hits you but does no damage.
The orc priest invokes the aid of Beogh against you.
Beogh smites you!
* * * LOW HITPOINT WARNING * * *
You hear a shout!
You closely miss Pikel.
Pikel is heavily wounded.
The orc hits you but does no damage.
The orc warrior hits you from afar with a trident!
* * * LOW HITPOINT WARNING * * *
Pikel hits you but does no damage. The orc priest barely misses you.
A slave comes into view.
You see here 16 gold pieces.
You block the orc's attack.
You open the door.
The orc warrior hits you from afar with a trident!
You die...

....#... #..##..#
####$.##..######
#......#.......#
+......#.......#
#......#.......#
{#...K.<'.......#
#.)oo..#..)....#
#{.##@###'############
#p{##'###.#####..#.##.
p{p.#..................
.....#..................
...##..###+##.............
... #..##..##..#########..
.. ...#...##..###..####..
#...#...#.......#..
#...'...'.......#..


You could see Pikel, an orc warrior and an orc.

Vanquished Creatures
  Grinder (D:3)
  The ghost of morik the Ruffian, an amateur NaTm (D:3)
  A sky beast (D:5)
  2 ogres (D:6)
  A necrophage (D:5)
  Blork the orc (D:6)
  An elf zombie (Ossuary)
  A bullfrog (D:6)
  A scorpion (D:4)
  A howler monkey (D:4)
  A centaur zombie (D:6)
  3 hounds (D:4)
  A jelly (D:6)
  Crazy Yiuf (D:6)
  A human zombie (Ossuary)
  2 orc priests (D:6)
  2 bullfrog skeletons
  A centaur skeleton (D:4)
  2 orc wizards (D:4)
  Jessica (D:3)
  3 iguanas
  2 worker ants (D:4)
  Natasha (thrice) (D:3)
  A big kobold zombie (Ossuary)
  A hound zombie (D:5)
  4 mummies (Ossuary)
  A howler monkey zombie (D:5)
  A worker ant zombie (D:6)
  Robin (D:3)
  4 adders
  2 oozes
  3 adder zombies (Ossuary)
  An adder skeleton (D:4)
  3 worms
  A dart slug (D:1)
  3 leopard geckos
  20 orcs
  6 bats
  3 giant cockroaches
  16 goblins
  13 hobgoblins
  3 kobolds
  A quokka (D:5)
  6 frilled lizards
  A gnoll zombie (Ossuary)
  A goblin zombie (Ossuary)
  2 hobgoblin zombies (Ossuary)
  2 leopard gecko zombies (D:5)
  An orc zombie (Ossuary)
  2 quokka skeletons (D:4)
  5 rats
  A rat zombie (Ossuary)
143 creatures vanquished.

Notes
Turn   | Place    | Note
-------+----------+-------------------------------------------
     0 | D:1      | ChaseSP the Formicid Fighter began the quest for the Orb.
     0 | D:1      | Reached XP level 1. HP: 18/18 MP: 1/1
   102 | D:1      | Reached XP level 2. HP: 24/24 MP: 2/2
   354 | D:1      | Reached skill level 3 in Maces & Flails
   605 | D:1      | Reached XP level 3. HP: 29/29 MP: 3/3
  1468 | D:2      | Reached skill level 4 in Maces & Flails
  1468 | D:2      | Reached XP level 4. HP: 35/35 MP: 4/4
  1750 | D:3      | Noticed morik's ghost (amateur NaTm)
  1766 | D:3      | Killed morik's ghost
  1766 | D:3      | Reached skill level 5 in Maces & Flails
  1766 | D:3      | Reached XP level 5. HP: 21/41 MP: 5/5
  1766 | D:3      | Reached XP level 6. HP: 24/47 MP: 6/6
  1947 | D:3      | Noticed Jessica
  1950 | D:3      | Killed Jessica
  1950 | D:3      | Reached skill level 6 in Maces & Flails
  2002 | D:3      | Noticed Natasha
  2007 | D:3      | Noticed Grinder
  2016 | D:3      | Killed Natasha
  2024 | D:3      | Killed Grinder
  2024 | D:3      | Reached skill level 7 in Maces & Flails
  2024 | D:3      | Reached XP level 7. HP: 38/52 MP: 7/7
  2153 | D:3      | Noticed Natasha
  2158 | D:3      | Killed Natasha
  2160 | D:3      | Noticed Robin
  2169 | D:3      | Killed Robin
  2690 | D:3      | Noticed Natasha
  2695 | D:3      | Killed Natasha
  2738 | D:3      | Found a hazy altar of Hepliaklqana.
  2739 | D:3      | Found a shimmering altar of Xom.
  2739 | D:3      | Noticed a soldier ant
  2740 | D:3      | Noticed a soldier ant
  2740 | D:3      | Noticed a spectral ugly thing
  2935 | D:3      | Found an ancient bone altar of Kikubaaqudgha.
  2937 | D:3      | Found a blossoming altar of Fedhas.
  3091 | D:4      | Reached skill level 8 in Maces & Flails
  3196 | D:4      | Reached XP level 8. HP: 34/58 MP: 8/8
  3374 | D:4      | Found a stormy altar of Qazlal.
  3375 | D:4      | Found an iron altar of Okawaru.
  3378 | D:4      | Found a basalt altar of Yredelemnul.
  3382 | D:4      | Became a worshipper of Warmaster Okawaru
  3386 | D:4      | Found a radiant altar of Vehumet.
  3387 | D:4      | Found a hide-covered altar of Uskayaw.
  3485 | D:4      | Reached skill level 9 in Maces & Flails
  3789 | D:5      | Entered Level 5 of the Dungeon
  3861 | D:5      | Found a sand-covered staircase.
  3867 | Ossuary  | Entered an ossuary
  4343 | D:5      | Reached skill level 10 in Maces & Flails
  4400 | D:5      | Reached * piety under Okawaru
  4441 | D:5      | Found a shadowy altar of Dithmenos.
  4571 | D:5      | Gained mutation: You are frail. (-10% HP) [mutagenic meat]
  4572 | D:5      | Gained mutation: You are somewhat resistant to further mutation. [mutagenic meat]
  4752 | D:5      | Reached XP level 9. HP: 57/57 MP: 9/9
  4928 | D:6      | Found a runed door.
  4952 | D:6      | Noticed Crazy Yiuf
  4960 | D:6      | Killed Crazy Yiuf
  5253 | D:6      | Found a staircase to the Ecumenical Temple.
  5382 | D:6      | Noticed Blork the orc
  5391 | D:6      | Killed Blork the orc
  5391 | D:6      | Reached ** piety under Okawaru
  5391 | D:6      | Reached skill level 11 in Maces & Flails
  5391 | D:6      | Reached skill level 5 in Shields
  5406 | D:6      | Noticed Pikel
  5421 | D:6      | Mangled by an orc warrior

Skill      XL: |  1  2  3  4  5  6  7  8  9 |
---------------+----------------------------+-----
Maces & Flails | 3 4 5 7 8 10 11 | 11.0
Shields        | 4 5 |  5.0
Armour         | 4 |  4.3
Fighting       | |  3.2

Action                   |  1- 3 |  4- 6 |  7- 9 || total
-------------------------+-------+-------+-------++-------
Melee: Flail             |    76 |    49 |   415 ||   540
       War axe           |    22 |       |       ||    22
       Morningstar       |       |       |    21 ||    21
  Use: Potion            |       |     1 |     1 ||     2
       Scroll            |       |       |    21 ||    21
  Eat: Chunk             |     2 |     2 |    13 ||    17
Armor: Scale mail        |    38 |    20 |    77 ||   135
       Skin              |       |       |   156 ||   156
       Chain mail        |       |       |   132 ||   132
Dodge: Dodged            |    24 |    19 |   147 ||   190
Block: Shield            |    38 |    36 |   325 ||   399
